 Dungeon Crawl Stone Soup version 0.29.1-14-g9c671dbff4 (webtiles) character file.

Game seed: 697245121333607176

14 IambicDimeter the Sneak (level 2, -1/26 HPs)
             Began as a Naga Brigand on Feb 12, 2023.
             Slain by Terence
             ... wielding a +0 short sword
              (3 damage)
             ... on level 2 of the Dungeon.
             The game lasted 00:02:38 (506 turns).

IambicDimeter the Sneak (Naga Brigand)               Turns: 506, Time: 00:02:38

Health: -1/26      AC:  2    Str: 13    XL:     2   Next: 45%
Magic:  0/3        EV:  9    Int: 11    God:
Gold:   8          SH:  0    Dex: 12    Spells: 2/2 levels left

rFire   . . .      SeeInvis +   p - +2 dagger (speed)
rCold   . . .      Faith    .   (no shield)
rNeg    . . .      Spirit   +   b - +0 robe
rPois   +          Reflect  .   (no helmet)
rElec   .          Harm     .   c - +0 cloak
rCorr   .          Rampage  .   (no gloves)
Will    .....                   (no barding)
Stlth   +++.......              h - amulet of guardian spirit
HPRegen 0.08/turn               (no ring)
MPRegen 0.08/turn               (no ring)

@: mighty, very slow
A: AC +0, large, see invisible, deformed body, poison resistance, slowness 2,
spit poison 1, naga tail 1
a: Spit Poison


You were on level 2 of the Dungeon.
You visited 1 branch of the dungeon, and saw 2 of its levels.

You collected 8 gold pieces.

Inventory:

Hand Weapons
 a - a +2 dagger
 p - a +2 dagger of speed (weapon)
Missiles
 d - 9 poisoned darts (quivered)
 e - 3 curare-tipped darts
Armour
 b - a +0 robe (worn)
 c - a +0 cloak (worn)
Jewellery
 h - an amulet of guardian spirit (around neck)
Scrolls
 g - a scroll of torment {unknown}
 i - a scroll of vulnerability {unknown}
 j - a scroll of magic mapping
 k - a scroll of enchant armour {unknown}
 l - a scroll of blinking {unknown}
 r - a scroll of fear {unknown}
Potions
 f - a potion of might
 m - 2 potions of heal wounds {unknown}
 n - a potion of curing {unknown}
 o - a potion of attraction {unknown}
 q - a potion of haste {unknown}


   Skills:
 * Level 2.0 Fighting
 * Level 2.0 Short Blades
 * Level 1.8 Throwing
 * Level 1.0 Dodging
 * Level 6.2 Stealth
 * Level 0.7 Spellcasting


You had 2 spell levels left.
You didn't know any spells.
Your spell library contained the following spells:

 Spells                   Type           Power      Damage    Failure   Level
 Magic Dart               Conj           0%         1d3       32%         1
 Call Imp                 Summ           0%         N/A       45%         2
 Mephitic Cloud           Conj/Pois/Air  0%         N/A       69%         3


Dungeon Overview and Level Annotations

Branches:
Dungeon (2/15)

Altars:

Annotations:
D:2 Terence


Innate Abilities, Weirdness & Mutations

Your serpentine skin is tough. (AC +0)
You have supernaturally acute eyesight. (SInv)
Armour fits poorly on your strangely shaped body.
Your system is resistant to poisons. (rPois)
You cover ground very slowly.
You can spit poison.
You have a snake-like lower body.


Message History

Aiming: Spit Poison (2% risk of failure)
Press: ? - help, Shift-Dir - straight line, f - Terence
Aim: Terence, wielding a +0 short sword and wearing a +0 chain mail (70% to hit)
The splash of poison hits Terence!
Terence is moderately wounded.
Terence hits you with a +0 short sword.
You hit Terence but do no damage.
Terence is moderately wounded.
You hit Terence.
Terence is heavily wounded.
Terence completely misses you.
You barely miss Terence.
Terence is heavily wounded.
A frilled lizard comes into view.
Terence closely misses you.
The frilled lizard hisses angrily.
You hit Terence but do no damage.
Terence is heavily wounded.
You hear an angry hiss.
You hit Terence.
Terence is severely wounded.
You have got your breath back.
Terence hits you with a +0 short sword.
Aiming: Spit Poison (2% risk of failure)
Press: ? - help, Shift-Dir - straight line, f/p - Terence
Aim: Terence, wielding a +0 short sword and wearing a +0 chain mail (severely wounded, 70% to hit)
The splash of poison hits Terence but does no damage.
Terence is poisoned.
Terence is severely wounded.
Terence hits you with a +0 short sword! Terence hits you with a +0 short sword.
* * * LOW HITPOINT WARNING * * *
Terence attacks as you move away! Terence hits you with a +0 short sword.
* * * LOW HITPOINT WARNING * * *
You have got your breath back.
Terence looks more healthy.
It was a potion of might.
You feel very mighty all of a sudden. Terence hits you with a +0 short sword.
You die...

#..)..#.##
#.# ##.#..#
#.# #.#..#
# #.#
#.#..#.#
#.#
#.#..#.#
#<#
#.#....#
###
#.##.###
#.##.#
#.##@######
#...@.....#
####l####.#
#.# #.# #.#
#.# #.# #.#


You could see Terence and a frilled lizard.

Vanquished Creatures
  2 endoplasms (D:1)
  2 goblins (D:2)
  2 hobgoblins (D:2)
  2 ball pythons
  2 bats (D:1)
  3 rats
13 creatures vanquished.

Notes
Turn   | Place    | Note
-------+----------+-------------------------------------------
     0 | D:1      | IambicDimeter the Naga Brigand began the quest for the Orb.
     0 | D:1      | Reached XP level 1. HP: 19/19 MP: 1/1
   184 | D:1      | Reached skill level 6 in Stealth
   363 | D:1      | Reached XP level 2. HP: 26/26 MP: 2/2
   414 | D:2      | Reached skill level 1 in Dodging
   490 | D:2      | Noticed Terence
   506 | D:2      | Slain by Terence

Illustrated notes

Levels and vault maps discovered:
D:1:      amcnicky_arrival_flooded_fountain, layout_basic, skrybe_limestone_x,
          chequers_arboretum, minmay_distorted
D:2:      minmay_evil_eye, layout_basic, uniq_terence, uniq_crazy_yiuf_cottage

Skill      XL: |  1  2 |
---------------+-------+-----
Stealth        | 6 |  6.2
Dodging        | 1 |  1.0
Fighting       | |  2.0
Short Blades   | |  2.0
Throwing       | |  1.8
Spellcasting   | |  0.7

Action                   || total
-------------------------++-------
Melee: Dagger            ||    29
Throw: Dart              ||     1
 Abil: Spit Poison       ||     8
  Use: Scroll            ||     2
       Potion            ||     1
 Stab: Sleeping          ||     4
Armor: Robe              ||     4
Dodge: Dodged            ||     8
